 Dungeon Crawl Stone Soup version 0.19.4-8-ga85b6b9 (webtiles) character file.

314 JNO the Skirmisher (level 6, -1/49 HPs)
             Began as a Human Monk on Feb 12, 2017.
             Slain by Crazy Yiuf
             ... wielding a +2 quarterstaff of chaos
              (9 damage)
             ... on level 3 of the Dungeon.
             The game lasted 00:27:20 (5253 turns).

JNO the Skirmisher (Human Monk)                     Turns: 5253, Time: 00:27:21

Health: -1/49      AC:  5    Str: 10 (12) XL:     6   Next: 72%
Magic:  6/6        EV: 14    Int:  9 (10) God:
Gold:   144        SH:  0    Dex: 15 (17) Spells: 0 memorised, 5 levels left

rFire  x . .     SeeInvis .       - Unarmed
rCold  + . .     Gourm    .     r - +2 animal skin
rNeg   . . .     Faith    .     (no shield)
rPois  .         Spirit   .     s - +0 helmet
rElec  .         Reflect  .     (no cloak)
rCorr  .         Harm     .     (no gloves)
MR     .....                    (no boots)
Stlth  ++........               (no amulet)
                                (no ring)
                                q - ring of ice

@: drained
A: no striking features
a: no special abilities


You were on level 3 of the Dungeon.
You were not hungry.

You visited 1 branch of the dungeon, and saw 3 of its levels.

You collected 144 gold pieces.

Inventory:

Hand Weapons
 h - a +1 mace of protection
Missiles
 n - 47 stones (quivered)
Armour
 r - a +2 animal skin (worn)
 s - a +0 helmet (worn)
Jewellery
 q - a ring of ice (left hand)
Scrolls
 a - a scroll of amnesia
 c - a scroll of fog {unknown}
 d - a scroll of enchant weapon {unknown}
 f - a scroll of identify {unknown}
 g - a scroll of teleportation {unknown}
 i - a scroll of immolation {unknown}
 l - a scroll of fear {unknown}
 o - a scroll of remove curse
Comestibles
 b - a chunk of flesh
 j - 3 bread rations
 p - a meat ration


   Skills:
 + Level 4.3(4.0) Fighting
 - Level 0.8(0.5) Throwing
 - Level 0.6(0.3) Armour
 + Level 4.0(3.7) Dodging
 * Level 3.9(3.6) Stealth
 + Level 4.2(3.9) Unarmed Combat


You had 5 spell levels left.
You didn't know any spells.

Dungeon Overview and Level Annotations

Branches:
Dungeon (3/15)

Altars:
Trog

Annotations:
D:3 Crazy Yiuf


Message History

You feel blessed for a moment.
It was a scroll of remove curse.
The hobgoblin shouts!
Crazy Yiuf closely misses you.
As you read the scroll labeled JOENOLOCSIM, it crumbles to dust.
It is a scroll of amnesia.
You feel forgetful for a moment.
Crazy Yiuf cries, "You leg down broken song, no?"
Crazy Yiuf barely misses you.
Okay, then.
Okay, then.
It was a potion of degeneration.
There was something very wrong with that liquid.
You feel weakened.
You feel dopey.
You feel clumsy.
Crazy Yiuf hits you with a quarterstaff of chaos!
* * * LOW HITPOINT WARNING * * *
Crazy Yiuf freezes you.
* * * LOW HITPOINT WARNING * * *
Crazy Yiuf says, "Two!"
Crazy Yiuf hits you with a quarterstaff of chaos!
You die...

.#.###....#.##...#.###
....##.####.##.###.#
.....#.#....#..###.#
.......#.###.......#
...............#####
......#.##...### ######
......#)##...###########....#
......).##............##....##
......####.....)@............##
..>............g.............(##
..............g................#
......#..#.....>...............#
........##...#................<#
...)<...##....)...............##
.....g#)##..#....>..........(##
......#.##..#...............#####
......#.##......................#


You could see Crazy Yiuf and a hobgoblin.

Vanquished Creatures
  Natasha (thrice) (D:3)
  A worker ant (D:3)
  Robin (D:3)
  5 gnolls
  4 adders
  An ooze (D:3)
  4 worms
  4 dart slugs
  4 leopard geckos
  8 giant cockroaches
  12 goblins
  12 hobgoblins
  3 jackals (D:2)
  8 kobolds
  2 quokkas
  2 ball pythons
  6 bats
  11 frilled lizards
  9 rats
100 creatures vanquished.

Notes
Turn   | Place    | Note
-------+----------+-------------------------------------------
     0 | D:1      | JNO the Human Monk began the quest for the Orb.
     0 | D:1      | Reached XP level 1. HP: 18/18 MP: 1/1
   435 | D:1      | Reached XP level 2. HP: 24/24 MP: 2/2
   882 | D:1      | Reached XP level 3. HP: 29/29 MP: 3/3
  1457 | D:1      | Reached XP level 4. HP: 31/35 MP: 4/4
  2531 | D:3      | Reached XP level 5. HP: 22/42 MP: 5/5
  3585 | D:3      | Noticed Natasha
  3607 | D:3      | Killed Natasha
  3607 | D:3      | Reached XP level 6. HP: 40/48 MP: 6/6
  3658 | D:3      | Noticed Natasha
  3670 | D:3      | Killed Natasha
  3791 | D:3      | Noticed Natasha
  3810 | D:3      | Killed Natasha
  4223 | D:3      | Noticed Robin
  4311 | D:3      | Noticed a moth of wrath
  4675 | D:3      | Killed Robin
  4840 | D:3      | Found a bloodstained altar of Trog.
  4965 | D:3      | Found a runed door.
  4969 | D:3      | Noticed Crazy Yiuf
  5253 | D:3      | Slain by Crazy Yiuf

Skill      XL: |  1  2  3  4  5  6 |
---------------+-------------------+-----
Stealth        | 3 |  3.9
Fighting       | 4 |  4.3
Unarmed Combat | 4 |  4.2
Dodging        | 4 |  4.0
Throwing       | |  0.8
Armour         | |  0.6

Action                   |  1- 3 |  4- 6 || total
-------------------------+-------+-------++-------
Melee: Unarmed           |   134 |   348 ||   482
       Punch             |     2 |     6 ||     8
Throw: Stone             |    13 |    34 ||    47
  Use: Potion            |       |     6 ||     6
       Scroll            |       |     2 ||     2
 Stab: Sleeping          |     3 |     5 ||     8
  Eat: Chunk             |     2 |     3 ||     5
       Bread ration      |       |     1 ||     1
       Meat ration       |       |     1 ||     1
Armor: Robe              |     6 |       ||     6
       Ring mail         |    19 |       ||    19
       Leather armour    |     4 |    28 ||    32
       Scale mail        |       |    31 ||    31
       Skin              |       |    16 ||    16
       Animal skin       |       |     4 ||     4
Dodge: Dodged            |    78 |   185 ||   263
